 Dungeon Crawl Stone Soup version 0.21.1-1-g345015fe64 (webtiles) character file.

191 Jens78 the Insei (level 5, -2/33 HPs)
             Began as an Octopode Transmuter on June 7, 2018.
             Slain by a wyvern zombie (6 damage)
             ... on level 4 of the Dungeon.
             The game lasted 00:32:21 (3473 turns).

Jens78 the Insei (Octopode Transmuter)              Turns: 3473, Time: 00:32:22

Health: -2/33      AC:  1    Str:  9    XL:     5   Next: 70%
Magic:  3/10       EV: 14    Int: 15    God:
Gold:   191        SH:  0    Dex: 14    Spells: 4/10 levels left

rFire    . . .     SeeInvis .     - Unarmed
rCold    . . .     Gourm    .   (no shield)
rNeg     . . .     Faith    .   (helmet restricted)
rPois    .         Spirit   .   (no amulet)
rElec    .         Reflect  .   (no ring)
rCorr    .         Harm     .   (no ring)
MR       .....                  (no ring)
Stlth    +++.......             (no ring)
HPRegen  0.11/turn              (no ring)
MPRegen  0.12/turn              (no ring)
                                (no ring)
                                (no ring)

@: very slightly contaminated
A: almost no armour, stealthy swim, amphibious, 8 rings, constrict 8, camouflage
1, gelatinous body 1
a: no special abilities


You were on level 4 of the Dungeon.
You were not hungry.

You visited 1 branch of the dungeon, and saw 4 of its levels.

You collected 191 gold pieces.

Inventory:

Hand Weapons
 u - a +1 flail of crushing
Missiles
 a - 18 arrows
 e - 104 stones (quivered)
 l - 17 poisoned needles
 q - 12 sling bullets
Wands
 w - a wand of flame (22)
Scrolls
 d - 3 scrolls of teleportation
 f - a scroll of remove curse {unknown}
 j - a scroll of noise {unknown}
 k - a scroll of blinking {unknown}
 n - a scroll of enchant armour {unknown}
 p - 2 scrolls of identify
 v - a scroll of amnesia {unknown}
Potions
 i - a potion of lignification {unknown}
 m - a potion of heal wounds
 o - a potion of ambrosia {unknown}
 r - a potion of mutation {unknown}
 s - a potion of invisibility {unknown}
 t - 4 potions of curing
Books
 b - a book of Changes

   Spells                             Type                      Level
   a - Beastly Appendage              Transmutation                1
   b - Sticks to Snakes               Transmutation                2
   c - Spider Form                    Transmutation/Poison         3
   d - Ice Form                       Ice/Transmutation            4
   e - Blade Hands                    Transmutation                5
 h - a book of Callings

   Spells                             Type                      Level
   a - Summon Small Mammal            Summoning                    1
   b - Call Imp                       Summoning                    2
   c - Call Canine Familiar           Summoning                    3
   d - Summon Guardian Golem          Hexes/Summoning              3
   e - Summon Lightning Spire         Summoning/Air                4
   f - Summon Ice Beast               Ice/Summoning                4
Comestibles
 c - 5 rations


   Skills:
 + Level 1.0 Fighting
 + Level 2.3 Dodging
 - Level 2.6 Stealth
 + Level 3.6 Unarmed Combat
 - Level 3.4 Spellcasting
 + Level 3.0 Transmutations
 * Level 1.8 Poison Magic


You had 4 spell levels left.
You knew the following spells:

 Your Spells              Type           Power        Failure   Level  Hunger
a - Beastly Appendage     Tmut           ##....       5%          1    None
b - Sticks to Snakes      Tmut           ##......     9%          2    ##.....
c - Spider Form           Tmut/Pois      #.........   22%         3    ###....


Dungeon Overview and Level Annotations

Branches:
Dungeon (4/15)
 Temple: D:4-7

Altars:
Elyvilon
Gozag
Wu Jian

Annotations:
D:1 exclusion: downstairs


Innate Abilities, Weirdness & Mutations

You cannot wear most types of armour.
You are very stealthy in the water. (Stealth+)
You are amphibious.
You can wear up to eight rings at the same time.
You can use your tentacles to constrict eight enemies at once.
Your skin changes colour to match your surroundings (Stealth+).
Your rubbery body absorbs attacks. (AC +1, EV +1)


Message History

Your ball python dies!
Your ball python bites the wyvern zombie but does no damage.
Your ball python bites the wyvern zombie but does no damage.
Your ball python bites the wyvern zombie.
The wyvern zombie bites your ball python!
Your ball python dies!
Your ball python bites the wyvern zombie but does no damage.
The wyvern zombie bites you!
Your ball python bites the wyvern zombie but does no damage.
The wyvern zombie closely misses you.
You swap places.
Your ball python bites the wyvern zombie but does no damage.
The wyvern zombie bites you.
Your ball python barely misses the wyvern zombie.
The wyvern zombie bites you!
* * * LOW HITPOINT WARNING * * *
Your ball python bites the wyvern zombie but does no damage.
There is a stone staircase leading up, spattered with blood here.
The wyvern zombie bites you.
You die...

#######
#...%.#
#######.....#
#...<.......#
#.#####.....#
#....Z######
###.S.@....#
########.#


You could see a wyvern zombie and a friendly ball python.

Vanquished Creatures
  Ijyb (D:3)
  4 gnolls (D:2)
  3 adders
  3 worms
  A dart slug (D:2)
  3 leopard geckos
  3 goblins (D:1)
  6 hobgoblins
  4 jackals (D:3)
  A quokka (D:3)
  7 bats
  4 frilled lizards (D:2)
  4 kobolds
  11 rats
55 creatures vanquished.

Vanquished Creatures (collateral kills)
  A centaur skeleton (D:2)
  Terence (D:2)
  A rat (D:3)
3 creatures vanquished.

Grand Total: 58 creatures vanquished

Notes
Turn   | Place    | Note
-------+----------+-------------------------------------------
     0 | D:1      | Jens78 the Octopode Transmuter began the quest for the Orb.
     0 | D:1      | Reached XP level 1. HP: 13/13 MP: 3/3
   432 | D:1      | Reached XP level 2. HP: 14/18 MP: 3/5
   534 | D:2      | Noticed Terence
   839 | D:1      | Learned a level 2 spell: Sticks to Snakes
  1293 | D:2      | Found an opulent altar of Gozag.
  1401 | D:2      | Killed Terence
  1401 | D:2      | Reached skill level 1 in Stealth
  1401 | D:2      | Reached XP level 3. HP: 15/23 MP: 1/6
  1514 | D:2      | Learned a level 3 spell: Spider Form
  1732 | D:2      | Reached XP level 4. HP: 27/28 MP: 1/8
  2017 | D:2      | Reached XP level 5. HP: 8/33 MP: 4/10
  2703 | D:3      | Found a white marble altar of Elyvilon.
  2978 | D:3      | Reached skill level 1 in Poison Magic
  3130 | D:3      | Noticed Ijyb
  3155 | D:3      | Killed Ijyb
  3270 | D:3      | Found an ornate altar of the Wu Jian Council.
  3473 | D:4      | Slain by a wyvern zombie

Skill      XL: |  1  2  3  4  5 |
---------------+----------------+-----
Stealth        | 1 2 |  2.6
Spellcasting   | 3 |  3.4
Poison Magic   | 1 |  1.8
Transmutations | 3 |  3.0
Fighting       | |  1.0
Dodging        | |  2.3
Unarmed Combat | |  3.6

Action                   |  1- 3 |  4- 6 || total
-------------------------+-------+-------++-------
Melee: Unarmed           |    49 |    75 ||   124
       Kick              |     9 |    10 ||    19
       Constrict         |     9 |    14 ||    23
       Tentacles         |     6 |     9 ||    15
       Punch             |     1 |     2 ||     3
Throw: Stone             |     5 |     9 ||    14
 Cast: Beastly Appendage |    23 |     8 ||    31
       Sticks to Snakes  |     5 |    13 ||    18
       Spider Form       |       |    11 ||    11
  Use: Scroll            |       |     2 ||     2
       Potion            |       |     1 ||     1
 Stab: Sleeping          |     6 |     2 ||     8
       Distracted        |     1 |       ||     1
  Eat: Chunk             |     3 |     8 ||    11
Armor: Skin              |     5 |     2 ||     7
Dodge: Dodged            |    31 |    59 ||    90
